 Dungeon Sprint DCSS version 0.30-a0-56-ge6a4009bfd (webtiles) character file.

Game seed: 4360641765046815371

226593 mhtbhm the Petrodigitator (level 17, -5/99 HPs)
             Began as a Gargoyle Earth Elementalist on Sept 10, 2022.
             Was the Champion of Vehumet.
             Slain by Mennas
             ... wielding a +4 trishula of holy wrath
              (10 damage)
             ... in the Dungeon (Sprint III: "The Ten Rune Challenge").
             The game lasted 00:39:30 (11728 turns).

mhtbhm the Petrodigitator (GrEE)                   Turns: 11728, Time: 00:39:31

Health: -5/99      AC: 25    Str: 14    XL:     17   Next: 33%
Magic:  48/57      EV: 21    Int: 28    God:    Vehumet [******]
Gold:   7419       SH:  0    Dex: 10    Spells: 24/70 levels left

rFire   + . .      SeeInvis .    z - staff of earth
rCold   + . .      Faith    .    (no shield)
rNeg    + . .      Spirit   .    a - +2 robe {rC+ rF+}
rPois   ∞          Reflect  .    N - +1 helmet {Int+3}
rElec   +          Harm     .    i - +1 cloak
rCorr   .          Rampage  .    O - +2 pair of gloves
Will    +....      NoTele   +    P - +1 pair of boots of the Ageless Youths {Int+3}
Stlth   +++.......               d - amulet of the acrobat
HPRegen 0.26/turn                s - ring of magical power
MPRegen 0.35/turn                B - +4 ring of evasion

@: flying, glowing, unable to read
A: sickness immunity, AC +12, big wings, negative energy resistance 1,
electricity resistance, torment resistance 1, petrification resistance, talons
2, inability to read after injury 1
}: 5/10 runes: serpentine, barnacled, silver, golden, demonic
a: Renounce Religion


You were in the Dungeon.
You worshipped Vehumet.
Vehumet was exalted by your worship.
You visited 1 branch You collected 8331 gold pieces.
You spent 912 gold pieces at shops.

Inventory:

Hand Weapons
 E - the +9 quarterstaff "Nosafone" {pain, rF+ SInv}
   (You found it in the Dungeon)

   In the hands of one skilled in necromantic magic, it inflicts extra damage on
   living creatures.
   rF:        It protects you from fire.
   SInv:      It lets you see invisible.
Missiles
 e - 6 javelins
 r - 7 curare-tipped darts (quivered)
Armour
 a - a +2 robe of resistance (worn)
 i - a +1 cloak (worn)
 N - a +1 helmet of intelligence (worn)
 O - a +2 pair of gloves (worn)
 P - the +1 pair of boots of the Ageless Youths (worn) {Int+3}
   (You acquired it in the Dungeon)

   Int:       It affects your intelligence (+3).
Magical Staves
 z - a staff of earth (weapon)
Jewellery
 d - an amulet of the acrobat (around neck)
 l - a ring of ice
 s - a ring of magical power (left hand)
 t - a ring of positive energy
 w - a ring of protection from fire
 x - a ring of see invisible
 B - a +4 ring of evasion (right hand)
 C - the amulet "Eleshoi" {Faith rN+ Will+}
   (You found it in the Dungeon)

   [amulet of faith]

   It allows you to gain divine favour quickly.
   rN:        It protects you from negative energy.
   Will:      It increases your willpower.
 I - a +6 ring of intelligence
Wands
 f - a wand of polymorph (12)
 o - a wand of flame (21)
 u - a wand of roots (11)
 D - a wand of paralysis (9)
 H - a wand of digging (7)
 K - a wand of mindburst (28)
Scrolls
 h - a scroll of enchant armour
 j - 2 scrolls of immolation
 k - 5 scrolls of identify
 y - 4 scrolls of silence
 A - 4 scrolls of amnesia
Potions
 c - 5 potions of curing
 m - a potion of attraction
 n - 6 potions of mutation
 p - a potion of might
 J - a potion of ambrosia
 M - a potion of cancellation
 R - a potion of lignification {unknown}
Miscellaneous
 b - a phantom mirror
 g - a piece from Xom's chessboard (15/15)
 q - a lightning rod (4/4)
 v - a condenser vane
 F - a box of beasts
 G - a phantom mirror


   Skills:
 - Level 8.4 Fighting
 + Level 14.4 Dodging
 - Level 21.1 Stealth
 + Level 3.2 Unarmed Combat
 O Level 27 Spellcasting
 O Level 27 Conjurations
 + Level 2.4 Transmutations
 * Level 11.0 Fire Magic
 O Level 27 Earth Magic
 * Level 11.4 Evocations


You had 24 spell levels left.
You knew the following spells:

 Your Spells              Type           Power      Damage    Failure   Level
a - Sandblast             Erth           100%       2d20      0%          1
b - Passwall              Tmut/Erth      91%        N/A       0%          2
c - Stone Arrow           Conj/Erth      100%       3d13      0%          3
d - Petrify               Tmut/Erth      100%       N/A       0%          4
e - Scorch                Fire           100%       2d10      0%          2
f - Lee's Rapid Deconstr  Erth           68%        3d32*     0%          5
g - Flame Wave            Conj/Fire      97%        2d20      0%          4
h - Shatter               Erth           68%        3d50*     1%          9
i - Lehudib's Crystal Sp  Conj/Erth      68%        10d15     1%          8
j - Ignition              Fire           39%        3d12      13%         8

Your spell library contained the following spells:

 Spells                   Type           Power      Damage    Failure   Level
 Maxwell's Capacitive Co  Air            18%        ∞         100%        8
 Conjure Flame            Conj/Fire      97%        6-21      0%          3
 Fireball                 Conj/Fire      48%        3d19      0%          5
 Iron Shot                Conj/Erth      68%        9d13      0%          6
 Necrotise                Necr           100%       1d9       1%          1
 Slow                     Hex            100%       N/A       1%          1
 Blink                    Tloc           74%        N/A       1%          2
 Lesser Beckoning         Tloc           37%        N/A       1%          3
 Vampiric Draining        Necr           37%        2d8       1%          3
 Animate Armour           Summ/Erth      100%       N/A       1%          4
 Leda's Liquefaction      Hex/Erth       53%        N/A       1%          4
 Borgnjor's Vile Clutch   Necr/Erth      53%        N/A       1%          5
 Yara's Violent Unravell  Hex/Tmut       22%        3d10      3%          5
 Animate Dead             Necr           37%        N/A       7%          4
 Cause Fear               Hex            18%        N/A       7%          4
 Corpse Rot               Necr/Pois/Air  37%        N/A       7%          4
 Dispel Undead            Necr           37%        3d15      7%          4
 Blade Hands              Tmut           25%        N/A       7%          5
 Alistair's Intoxication  Tmut/Pois      29%        N/A       12%         5
 Eringya's Noxious Bog    Tmut/Pois      22%        N/A       17%         6
 Agony                    Necr           37%        N/A       19%         5
 Manifold Assault         Tloc           37%        N/A       19%         5
 Death Channel            Necr           18%        N/A       71%         6
 Haunt                    Necr/Summ      18%        N/A       99%         7
 Infestation              Necr           18%        N/A       100%        8
 Statue Form              Tmut/Erth      Unusable   N/A       N/A         6

Dungeon Overview and Level Annotations

Branches:
Dungeon (1/1)

Altars:
Cheibriados
Dithmenos
Elyvilon
Fedhas
Gozag
Hepliaklqana
Kikubaaqudgha
Makhleb
Nemelex Xobeh
Okawaru
Qazlal
Ru
Sif Muna
Trog
Uskayaw
Vehumet
Wu Jian
Xom
Yredelemnul
Zin
The Shining One
Jiyva
Lugonu

Shops:
D ?:[[!=![![![[=[?=(?(!:[

Annotations:
D Mennas


Innate Abilities, Weirdness & Mutations

You are immune to sickness and miasma.
Your stone body is resilient. (AC +12)
You are immune to poison.
Your large and strong wings let you fly.
You resist negative energy. (rN+)
You are resistant to electric shocks. (rElec)
You are resistant to unholy torment.
You are immune to petrification.
You have razor-sharp toenails.
You occasionally lose the ability to read scrolls when taking damage.


Message History

Mennas gestures frantically.
You are confused.
You feel better.
Mennas hits you from afar with a +4 trishula of holy wrath!
You feel threatened and lose the ability to read scrolls!
* * * LOW HITPOINT WARNING * * *
Mennas completely misses you.
Unknown command.
Casting: Shatter (dangerous; 1% risk of failure)
Confirm with . or Enter, or press ? or * to list all spells.
Okay, then.
You feel much better.
Mennas hits you from afar with a +4 trishula of holy wrath.
Mennas hits you but does no damage.
Mennas gestures frantically.
You are confused.
You're too confused to cast spells.
Unknown command.
Press: ? - help, v - describe, . - travel
Here: Mennas, wielding a +4 trishula of holy wrath and wearing a +0 tower shield (moderately wounded, haloed)
The floor.
Unknown command.
You're too confused to cast spells.
Unknown command.
You're too confused to cast spells.
Unknown command.
You feel better.
Mennas hits you from afar with a +4 trishula of holy wrath!!
* * * LOW HITPOINT WARNING * * *
Mennas hits you but does no damage.
Casting: Shatter (dangerous; 1% risk of failure)
Confirm with . or Enter, or press ? or * to list all spells.
Aiming: Lehudib's Crystal Spear (safe; 1% risk of failure)
Press: ? - help, Shift-Dir - straight line, f - Mennas
Aim: Mennas, wielding a +4 trishula of holy wrath and wearing a +0 tower shield (moderately wounded, haloed, 63% to hit)
You feel a surge of power!
Mennas blocks the crystal spear.
Mennas hits you from afar with a +4 trishula of holy wrath!!
* * * LOW HITPOINT WARNING * * *
Mennas hits you from afar with a +4 trishula of holy wrath!
You die...

,,*,*,**####++####.#.# ##'##.#.##
,,,,,,,*#..'.....#'#####.≈≈≈'.^##
+###############.#..'∩∩#.≈≈.#^^##
........#...# ##.####∩∩#.≈≈.###.#
........#...###...###..#..≈.#..'~
........'...'.......'..'..~~....~
........#...###...###..#≈≈≈....#.
........#...# ##.##∩#..#.)..#..#.
#+##############@#..#..####'..##.
~~~~~~~*#......#'#'##..#.#.#...#.
**~~*+**#......#A'..'..'#.#.#.#..
,*~~*,* #......#.####..#.#...#.#.
**~~****#.)..))'.#.########▓▓▓▓▓▓
~~~~~~~*#......###.#°.○....▓....'
**~~~~~*#.###..#...#§§°....▓....▓
,+~~*+**#.#^#..'..○§°☼.(...)....▓
**~~*,* #.###..#...#☼☼☼....▓....▓


You could see Mennas.

Vanquished Creatures
  An ancient lich (D)
  Mara (D)
  2 royal mummies (D)
  Frederick (D)
  A Killer Klown (D)
  Nikola (D)
  Nellie (D)
  Rupert (D)
  2 Orb Guardians (D)
  2 deep elf blademasters (D)
  A lich (D)
  A quicksilver dragon (D)
  A deep elf master archer (D)
  Polyphemus (D)
  Gastronok (D)
  An ancient champion (D)
  2 sphinxes (D)
  An Executioner (D)
  Chuck (D)
  Roxanne (D)
  A storm dragon (D)
  Dowan (D)
  A nagaraja (D)
  3 shadow dragons (D)
  A draconian knight (D)
  Ilsuiw (D)
  2 fire giants (D)
  3 frost giants (D)
  3 stone giants (D)
  2 vampire knights (D)
  Nessos (D)
  2 deep elf annihilators (D)
  Azrael (D)
  2 deep elf demonologists (D)
  2 dire elephants (D)
  A yellow draconian (D)
  A deep elf death mage (D)
  A merfolk javelineer (D)
  10 mummy priests (D)
  A deep elf high priest (D)
  A fire dragon (D)
  2 hell beasts (D)
  4 yaktaur captains (D)
  2 hydras (D)
  An ogre mage (D)
  18 vault guards (D)
  3 centaur warriors (D)
  5 anacondas (D)
  A naga warrior (D)
  Erica (D)
  4 dancing weapons (D)
  4 death yaks (D)
  Urug (D)
  2 soul eaters (D)
  2 sun demons (D)
  3 deep elf knights (D)
  9 skeletal warriors (D)
  A shadow wraith (D)
  A death drake (D)
  An anaconda zombie (D)
  A sea snake (D)
  A sea snake (shapeshifter) (D)
  A spriggan druid (D)
  A glowing orange brain (D)
  A lindwurm (D)
  2 obsidian statues (D)
  2 orc knights (D)
  3 ugly things (D)
  A deep elf zephyrmancer (D)
  3 deep elf pyromancers (D)
  2 oklob plants (D)
  A shining eye (D)
  4 crystal guardians (D)
  A cyclops (shapeshifter) (D)
  An orc sorcerer (D)
  2 elephants (D)
  A moth of wrath (D)
  A rust devil (D)
  A guardian serpent (D)
  8 black mambas (D)
  4 statues (D)
  A guardian serpent (shapeshifter) (D)
  A molten gargoyle (D)
  An iron troll simulacrum (D)
  Duvessa (D)
  A rime drake (D)
  5 yaktaurs (D)
  2 cane toads (D)
  An unseen horror (D)
  An anaconda simulacrum (D)
  2 ice devils (D)
  A komodo dragon (D)
  3 wandering mushrooms (D)
  A merfolk (shapeshifter) (D)
  A queen bee (D)
  15 guardian mummies (D)
  3 hornets (D)
  4 spriggan defenders (D)
  A slime creature (shapeshifter) (D)
  2 tyrant leeches (D)
  8 blink frogs (D)
  An orc high priest (D)
  2 snapping turtles (shapeshifter) (D)
  3 dream sheep (D)
  10 slime creatures (D)
  2 spriggans (D)
  A shadow (D)
  A golden eye (D)
  3 redbacks (D)
  2 nagas (D)
  A spatial vortex (D)
  4 water moccasins (D)
  An orc warrior (D)
  2 floating eyes (D)
  A swamp drake (D)
  A fire dragon simulacrum (D)
  A black mamba simulacrum (D)
  2 centaurs (D)
  An earth elemental (D)
  A necrophage (D)
  A water elemental (D)
  32 killer bees (D)
  7 electric eels (D)
  Crazy Yiuf (D)
  6 orc priests (D)
  A jelly (D)
  Jessica (D)
  A wizard (D)
  An orc wizard (D)
  A necromancer (D)
  2 polar bear simulacra (D)
  3 humans (D)
  A kobold demonologist (D)
  3 adders (D)
  11 orcs (D)
  An endoplasm (D)
  A rat (D)
  8 butterflies (D)
  A plant (D)
350 creatures vanquished.

Vanquished Creatures (others)
  6 ball lightnings (D)
  2 ballistomycete spores (D)
  A bush (D)
  35 plants (D)
44 creatures vanquished.

Grand Total: 394 creatures vanquished

Notes
Turn   | Place    | Note
-------+----------+-------------------------------------------
     0 | D        | mhtbhm the Gargoyle Earth Elementalist began the quest for
                  | the Orb.
     0 | D        | Reached XP level 1. HP: 10/10 MP: 3/3
    59 | D        | Noticed Jessica
    61 | D        | Killed Jessica
    62 | D        | Reached XP level 2. HP: 15/15 MP: 1/6
    62 | D        | Reached XP level 3. HP: 19/19 MP: 1/7
   131 | D        | Learned a level 2 spell: Passwall
   135 | D        | Learned a level 3 spell: Stone Arrow
   198 | D        | Noticed Crazy Yiuf
   204 | D        | Killed Crazy Yiuf
   205 | D        | Reached XP level 4. HP: 7/24 MP: 5/10
   240 | D        | Gained mutation: You have sharp toenails. [potion of
                  | mutation]
   240 | D        | Gained mutation: You have razor-sharp toenails. [potion of
                  | mutation]
   407 | D        | Noticed a water elemental
   411 | D        | Killed a water elemental
   412 | D        | Reached skill level 5 in Spellcasting
   412 | D        | Reached XP level 5. HP: 8/28 MP: 4/12
   473 | D        | Learned a level 4 spell: Petrify
   632 | D        | Found a radiant altar of Vehumet.
   632 | D        | Found a shimmering blue altar of Sif Muna.
   632 | D        | Found an ancient bone altar of Kikubaaqudgha.
   644 | D        | Became a worshipper of Vehumet
   655 | D        | Found a glowing silver altar of Zin.
   655 | D        | Found a glowing golden altar of the Shining One.
   655 | D        | Found a white marble altar of Elyvilon.
   655 | D        | Noticed a deep elf pyromancer
   658 | D        | Killed a deep elf pyromancer
   659 | D        | Reached skill level 5 in Stealth
   659 | D        | Reached skill level 1 in Conjurations
   659 | D        | Reached XP level 6. HP: 32/32 MP: 8/17
   659 | D        | Reached XP level 7. HP: 36/36 MP: 8/19
   730 | D        | Found a basalt altar of Yredelemnul.
   730 | D        | Found a shadowy altar of Dithmenos.
   730 | D        | Found a sacrificial altar of Ru.
   733 | D        | Reached * piety under Vehumet
   733 | D        | Offered knowledge of Foxfire by Vehumet.
   825 | D        | Found a hide-covered altar of Uskayaw.
   825 | D        | Found an iron altar of Okawaru.
   825 | D        | Found a bloodstained altar of Trog.
   825 | D        | Found an ornate altar of the Wu Jian Council.
   825 | D        | Noticed a human
   825 | D        | Noticed a human
   827 | D        | Killed a human
   830 | D        | Killed a human
   831 | D        | Reached skill level 10 in Spellcasting
   831 | D        | Reached XP level 8. HP: 41/41 MP: 14/22
   884 | D        | Noticed a shadow
   889 | D        | Killed a shadow
   889 | D        | Reached ** piety under Vehumet
  1078 | D        | Found a blossoming altar of Fedhas.
  1078 | D        | Found a stormy altar of Qazlal.
  1078 | D        | Found a snail-covered altar of Cheibriados.
  1078 | D        | Found a burning altar of Makhleb.
  1078 | D        | Found a shimmering altar of Xom.
  1079 | D        | Found a hazy altar of Hepliaklqana.
  1079 | D        | Found an opulent altar of Gozag.
  1079 | D        | Found a sparkling altar of Nemelex Xobeh.
  1079 | D        | Found a corrupted altar of Lugonu.
  1079 | D        | Found a viscous altar of Jiyva.
  1083 | D        | Offered knowledge of Scorch by Vehumet.
  1093 | D        | Learned a level 2 spell: Scorch
  1122 | D        | Noticed Erica
  1136 | D        | Killed Erica
  1136 | D        | Offered knowledge of Ignite Poison by Vehumet.
  1137 | D        | Reached skill level 1 in Unarmed Combat
  1137 | D        | Reached XP level 9. HP: 33/46 MP: 22/25
  1307 | D        | Reached *** piety under Vehumet
  1436 | D        | Noticed an orc knight
  1436 | D        | Noticed an orc sorcerer
  1438 | D        | Offered knowledge of Frozen Ramparts by Vehumet.
  1438 | D        | Reached **** piety under Vehumet
  1438 | D        | Reached ***** piety under Vehumet
  1438 | D        | Killed an orc knight
  1438 | D        | Killed an orc sorcerer
  1439 | D        | Reached skill level 1 in Fighting
  1563 | D        | Found Onologiz's Antique Armour Shop.
  1659 | D        | Noticed a centaur warrior
  1664 | D        | Offered knowledge of Lee's Rapid Deconstruction by Vehumet.
  1670 | D        | Reached ****** piety under Vehumet
  1673 | D        | Killed a centaur warrior
  1674 | D        | Reached skill level 1 in Transmutations
  1674 | D        | Reached skill level 1 in Evocations
  1674 | D        | Reached XP level 10. HP: 35/52 MP: 9/27
  1680 | D        | Learned a level 5 spell: Lee's Rapid Deconstruction
  1787 | D        | Killed an unseen horror
  1787 | D        | Offered knowledge of Flame Wave by Vehumet.
  1880 | D        | Learned a level 4 spell: Flame Wave
  1983 | D        | Noticed a cane toad
  1983 | D        | Noticed a cane toad
  1986 | D        | Killed a cane toad
  1993 | D        | Killed a cane toad
  2297 | D        | Reached skill level 15 in Spellcasting
  2302 | D        | Offered knowledge of Irradiate by Vehumet.
  2425 | D        | Noticed a lindwurm
  2428 | D        | Killed a lindwurm
  2429 | D        | Reached XP level 11. HP: 56/56 MP: 14/30
  2551 | D        | Noticed Urug
  2558 | D        | Killed Urug
  2692 | D        | Offered knowledge of Freezing Cloud by Vehumet.
  2951 | D        | Noticed Dowan
  2951 | D        | Noticed Duvessa
  2960 | D        | Killed Duvessa
  2962 | D        | Killed Dowan
  2962 | D        | Offered knowledge of Iskenderun's Battlesphere by Vehumet.
  2963 | D        | Reached skill level 5 in Dodging
  3148 | D        | Noticed a yaktaur captain
  3148 | D        | Noticed a yaktaur captain
  3151 | D        | Killed a yaktaur captain
  3151 | D        | Offered knowledge of Conjure Ball Lightning by Vehumet.
  3366 | D        | Killed a yaktaur captain
  3367 | D        | Reached XP level 12. HP: 62/62 MP: 16/33
  3702 | D        | Offered knowledge of Orb of Destruction by Vehumet.
  3776 | D        | Found Ureilaeg's Magic Scroll Shop.
  3776 | D        | Found Gusuwn's Armour Shoppe.
  3776 | D        | Found Bouheun's Weapon Emporium.
  3776 | D        | Found Siog's Magic Scroll Boutique.
  3776 | D        | Found Kiebenimp's Book Shop.
  3776 | D        | Found Ytixidemi's Jewellery Boutique.
  3776 | D        | Found Anear's Antique Armour Shoppe.
  3776 | D        | Found Bifrieg's Distillery.
  3776 | D        | Found Ogeggib Eski's Jewellery Shop.
  3776 | D        | Found Zuolan's Antique Weapon Boutique.
  3776 | D        | Found Lell's Antique Armour Emporium.
  3821 | D        | Bought a glowing cloak for 150 gold pieces
  3827 | D        | Bought a scroll of blinking for 82 gold pieces
  3831 | D        | Bought a ring of magical power for 220 gold pieces
  3836 | D        | Bought a scroll of magic mapping for 90 gold pieces
  3840 | D        | Bought a potion of invisibility for 80 gold pieces
  4151 | D        | Offered knowledge of Eringya's Noxious Bog by Vehumet.
  4649 | D        | Noticed a fire dragon
  4656 | D        | Killed a fire dragon
  4725 | D        | Noticed a centaur warrior
  4726 | D        | Killed a centaur warrior
  4851 | D        | Offered knowledge of Lehudib's Crystal Spear by Vehumet.
  4851 | D        | Offered knowledge of Shatter by Vehumet.
  4851 | D        | Offered knowledge of Maxwell's Capacitive Coupling by
                  | Vehumet.
  4852 | D        | Reached XP level 13. HP: 23/68 MP: 21/37
  5145 | D        | Noticed a yaktaur captain
  5155 | D        | Noticed a fire dragon
  5155 | D        | a goliath frog changed into a fire dragon
  5157 | D        | a fire dragon changed into a slime creature
  5206 | D        | Killed a yaktaur captain
  5521 | D        | Learned a level 9 spell: Shatter
  5530 | D        | Learned a level 8 spell: Lehudib's Crystal Spear
  5687 | D        | Noticed an ancient lich
  5702 | D        | Got Sif Muna's Teachings on Enchanting Darkness
  5704 | D        | Got the Anthology of Calefaction and the Undead
  5768 | D        | Noticed Chuck
  5776 | D        | Killed Chuck
  5872 | D        | Identified the +9 quarterstaff "Nosafone" {pain, rF+ SInv}
  5891 | D        | Identified the +3 chain mail of Ycrahu {Harm rElec rPois
                  | rF-}
  6238 | D        | Noticed a deep elf death mage
  6241 | D        | Noticed a deep elf high priest
  6242 | D        | Killed a deep elf high priest
  6243 | D        | Reached skill level 27 in Earth Magic
  6258 | D        | Noticed a deep elf demonologist
  6261 | D        | Killed a deep elf death mage
  6262 | D        | Reached skill level 5 in Conjurations
  6262 | D        | Killed a deep elf demonologist
  6266 | D        | Noticed a deep elf master archer
  6267 | D        | Killed a deep elf master archer
  6268 | D        | Noticed a deep elf annihilator
  6272 | D        | Killed a deep elf annihilator
  6320 | D        | Noticed a deep elf annihilator
  6320 | D        | Noticed a deep elf demonologist
  6322 | D        | Killed a deep elf demonologist
  6613 | D        | Killed a deep elf annihilator
  6659 | D        | Identified the amulet "Eleshoi" {Faith rN+ Will+}
  6666 | D        | Identified the +7 shortbow "Orrus" {venom, Will+ Int+3}
  6903 | D        | Found a blossoming altar of Fedhas.
  7112 | D        | Noticed Polyphemus
  7118 | D        | Killed Polyphemus
  7119 | D        | Gained mutation: Your large and strong wings let you fly.
                  | [Gargoyle growth]
  7119 | D        | Reached XP level 14. HP: 72/72 MP: 32/42
  7223 | D        | Noticed Ilsuiw
  7227 | D        | Killed Ilsuiw
  7348 | D        | Found Qanevec's Jewellery Emporium.
  7348 | D        | Found Hatis's Distillery.
  7349 | D        | Found Ocor's Antique Armour Shoppe.
  7364 | D        | Got a barnacled rune of Zot
  7378 | D        | Bought a potion of heal wounds for 65 gold pieces
  7536 | D        | Identified the +2 crystal plate armour "Zohuh" {Rampage
                  | *Slow rPois}
  7589 | D        | Noticed Rupert
  7593 | D        | Killed Rupert
  7634 | D        | Noticed an azure jelly
  7634 | D        | Noticed an azure jelly
  7634 | D        | Noticed an azure jelly
  7634 | D        | Noticed an azure jelly
  7635 | D        | Noticed a dire elephant
  7635 | D        | Noticed a dire elephant
  7635 | D        | Noticed Gastronok
  7639 | D        | Killed Gastronok
  7641 | D        | Killed a dire elephant
  7642 | D        | Killed a dire elephant
  8236 | D        | Reached skill level 27 in Spellcasting
  8260 | D        | Noticed a nagaraja
  8264 | D        | Reached skill level 5 in Fighting
  8266 | D        | Killed a nagaraja
  8268 | D        | Found Wiohece's Magic Scroll Boutique.
  8268 | D        | Found Mydgharo's Book Emporium.
  8325 | D        | Found Oshomim's Antique Armour Shop.
  8342 | D        | Bought a pair of runed gloves for 225 gold pieces
  8365 | D        | Got a serpentine rune of Zot
  8522 | D        | Noticed Azrael
  8526 | D        | Reached skill level 10 in Conjurations
  8529 | D        | Killed Azrael
  8652 | D        | Noticed Frederick
  8659 | D        | Killed Frederick
  8678 | D        | Noticed a lich
  8681 | D        | Killed a lich
  8682 | D        | Reached XP level 15. HP: 88/88 MP: 40/46
  8752 | D        | Noticed a shadow dragon
  8752 | D        | Noticed a shadow dragon
  8757 | D        | Killed a shadow dragon
  8759 | D        | Killed a shadow dragon
  8889 | D        | Noticed a frost giant
  8889 | D        | Noticed a quicksilver dragon
  8889 | D        | Noticed a frost giant
  8889 | D        | Noticed a fire giant
  8890 | D        | Noticed a shadow dragon
  8891 | D        | Reached skill level 15 in Conjurations
  8891 | D        | Killed a frost giant
  8892 | D        | Reached skill level 15 in Stealth
  8893 | D        | Killed a fire giant
  8894 | D        | Reached skill level 10 in Dodging
  8894 | D        | Killed a quicksilver dragon
  8894 | D        | Killed a frost giant
  8896 | D        | Killed a shadow dragon
  9001 | D        | Got a silver rune of Zot
  9004 | D        | Identified the +3 sling of the Vine {venom, SInv}
  9036 | D        | Identified the +6 lajatang of the Charming Queen {elec,
                  | rN+}
  9176 | D        | Noticed a sphinx
  9176 | D        | Noticed a sphinx
  9181 | D        | Killed a sphinx
  9181 | D        | Killed a sphinx
  9183 | D        | Killed an ancient lich
  9184 | D        | Reached XP level 16. HP: 35/92 MP: 28/47
  9184 | D        | Noticed a royal mummy
  9190 | D        | Noticed Mara
  9196 | D        | Noticed mhtbhm's illusion
  9197 | D        | Killed Mara
  9575 | D        | Noticed an ancient champion
  9580 | D        | Killed an ancient champion
  9609 | D        | Killed a royal mummy
  9613 | D        | Identified the +10 glaive of Yckell {drain, Int+3}
  9613 | D        | Noticed a royal mummy
  9627 | D        | Killed a royal mummy
 10045 | D        | Got a golden rune of Zot
 10219 | D        | Learned a level 8 spell: Ignition
 10266 | D        | Found Rajumal's Distillery.
 10266 | D        | Found Qowosk's Distillery.
 10266 | D        | Found Vuisomum's Armour Shop.
 10266 | D        | Found Baoneiwn's Armour Shoppe.
 10314 | D        | Noticed Roxanne
 10317 | D        | Killed Roxanne
 10402 | D        | Noticed Nikola
 10402 | D        | Noticed a storm dragon
 10405 | D        | Killed Nikola
 10407 | D        | Killed a storm dragon
 10600 | D        | Found Ytowaor's Distillery.
 10836 | D        | Reached skill level 27 in Conjurations
 11041 | D        | Noticed Nellie
 11047 | D        | Killed Nellie
 11052 | D        | Got a demonic rune of Zot
 11175 | D        | Acquired the +1 pair of boots of the Ageless Youths {Int+3}
 11176 | D        | Acquired 890 gold pieces
 11177 | D        | Acquired 1022 gold pieces
 11181 | D        | Acquired 921 gold pieces
 11185 | D        | Acquired a book of Iron
 11189 | D        | Acquired 839 gold pieces
 11245 | D        | Reached skill level 1 in Fire Magic
 11245 | D        | Reached skill level 5 in Evocations
 11250 | D        | Reached XP level 17. HP: 91/99 MP: 48/48
 11289 | D        | Killed an Executioner
 11290 | D        | Reached skill level 5 in Fire Magic
 11306 | D        | Noticed Nessos
 11311 | D        | Killed Nessos
 11369 | D        | Noticed a deep elf blademaster
 11369 | D        | Noticed a deep elf blademaster
 11373 | D        | Killed a deep elf blademaster
 11376 | D        | Killed a deep elf blademaster
 11441 | D        | Noticed a Killer Klown
 11444 | D        | Killed a Killer Klown
 11619 | D        | Noticed an Orb Guardian
 11619 | D        | Noticed an Orb Guardian
 11625 | D        | Killed an Orb Guardian
 11626 | D        | Reached skill level 10 in Evocations
 11627 | D        | Reached skill level 10 in Fire Magic
 11629 | D        | Killed an Orb Guardian
 11678 | D        | Noticed Mennas
 11678 | D        | Noticed an orb of fire
 11681 | D        | Gained mutation: You occasionally lose the ability to read
                  | scrolls when taking damage. [an orb of fire]
 11728 | D        | Slain by Mennas

Illustrated notes

Levels and vault maps discovered:
D:        dungeon_sprint_mu [sprint_mu_entry_forest, sprint_mu_temple_rooms,
          sprint_mu_d1_horrors, sprint_mu_d2_genie, sprint_mu_d3_branching,
          sprint_mu_orc_legion, sprint_mu_elf_gauntlet, sprint_mu_hive_nellie,
          sprint_mu_lair_fedhas, sprint_mu_vaults_butterflies,
          sprint_mu_slime_circle, sprint_mu_shoals_archi,
          sprint_mu_snake_twists, sprint_mu_blade_basic, sprint_mu_crypt_lich,
          sprint_mu_tomb_spiral, sprint_mu_vestibule_basic,
          sprint_mu_gehenna_hellfire, sprint_mu_dis_giant,
          sprint_mu_tartarus_statrot, sprint_mu_cocytus_islands, sprint_mu_zot1]

Skill      XL: |  1  2  3  4  5  6  7  8  9 10 11 12 13 14 15 16 17 |
---------------+----------------------------------------------------+-----
Earth Magic    | 6 7 9 13 14 16 18 20 23 25 27 | 27.0
Dodging        | 2 3 4 5 8 10 13 14 | 14.4
Spellcasting   | 3 4 5 8 10 12 13 15 17 20 24 27 | 27.0
Stealth        | 3 5 6 7 17 21 | 21.1
Conjurations   | 1 3 4 6 12 21 27 | 27.0
Unarmed Combat | 1 3 |  3.2
Fighting       | 1 2 7 8 |  8.4
Transmutations | 1 2 |  2.4
Evocations     | 1 2 6 11 | 11.4
Fire Magic     | 4 11 | 11.0

Action                   |  1- 3 |  4- 6 |  7- 9 | 10-12 | 13-15 | 16-18 || total
-------------------------+-------+-------+-------+-------+-------+-------++-------
Melee: Unarmed           |       |       |    10 |       |       |       ||    10
       Quarterstaff      |       |       |       |     6 |     1 |       ||     7
       Kick              |       |       |       |     4 |     1 |       ||     5
       Staff             |       |       |       |       |     1 |     1 ||     2
 Cast: Sandblast         |    12 |     7 |    27 |     3 |       |       ||    49
       Stone Arrow       |     1 |     2 |    12 |    10 |     8 |     8 ||    41
       Petrify           |       |       |     2 |     4 |     2 |       ||     8
       Lee's Rapid Decon |       |       |       |    98 |   135 |    79 ||   312
       Lehudib's Crystal |       |       |       |       |    19 |     7 ||    26
       Shatter           |       |       |       |       |    15 |    16 ||    31
       Flame Wave        |       |       |       |       |     1 |       ||     1
Evoke: Lightning rod     |       |       |     3 |     5 |     2 |       ||    10
       Condenser vane    |       |       |       |       |     1 |     2 ||     3
       Wand              |       |       |       |       |       |     1 ||     1
  Use: Potion            |       |     1 |     2 |     1 |     7 |     8 ||    19
       Scroll            |       |       |     1 |     4 |     6 |     7 ||    18
Armor: Robe              |       |       |     2 |    12 |    10 |     9 ||    33
Dodge: Dodged            |     1 |     1 |    15 |    29 |    41 |    22 ||   109

Table legend: (Time is in decaauts) A = Elapsed time spent in this place. B = Non-inter-level travel time spent in this place. C = Inter-level travel time spent in this place. D = Time resting spent in this place. E = Time spent auto-exploring this place. F = Levels seen in this place. G = Mean time per level. A B C D E F G +--------+--------+--------+--------+--------+-----+--------+ Total | 11856 | 11753 | 103 | 8021 | 1 | 1 | 11856.0 | Dungeon | 11856 | 11753 | 103 | 8021 | 1 | 1 | 11856.0 | +--------+--------+--------+--------+--------+-----+--------+

Top non-repeatable levels by time:
       D: 11856 daAuts
